 Dungeon Crawl Stone Soup version 0.31-a0-810-ga77100e (webtiles) character file.

Game seed: 7247719152376433139

1588571 BarneyGumball the Hoplite (level 25, 170/170 HPs)
             Began as a Vampire Enchanter on Sept 20, 2023.
             Was a High Priest of Okawaru.
             Escaped with the Orb
             ... and 3 runes on Sept 21, 2023!
             The game lasted 07:07:13 (74118 turns).

BarneyGumball the Hoplite (Vampire Enchanter)      Turns: 74118, Time: 07:07:13

Health: 170/170    AC: 43    Str:  8 (9)  XL:     25   Next: 60%
Magic:  30/30      EV: -1    Int: 23 (24) God:    Okawaru [*****.]
Gold:   1279       SH: 31    Dex: 23 (24) Spells: 25/28 levels left

rFire   + + .        a - +9 double sword (vamp)
rCold   + + +        P - +7 tower shield {reflect}
rNeg    + + +        B - +8 orange crystal plate armour {Archmagi, Int+3 Clar}
rPois   ∞            V - +2 hat
rElec   .            S - +1 cloak "Biazaet" {rPois rF+ Int+3}
rCorr   +            e - +2 pair of gloves
SInv    +            M - +0 pair of boots {Stlth+}
Will    +++..        u - amulet of guardian spirit Stlth
                     h - ring of protection from fire
HPRegen 0.48/turn    R - ring of the Rose {rPois rC+ Will+ rCorr}
MPRegen 0.22/turn

%: reflection, clarity, guardian spirit, archmagi
@: bloodless, studying Hexes
A: bloodless, fangs 3, see invisible, vampiric 2, claws 1, horns 1
0: Orb of Zot
}: 3/15 runes: decaying, serpentine, silver
a: Bat Form, Revivify, Renounce Religion, Heroism, Finesse, Duel


You escaped.
You worshipped Okawaru.
Okawaru was extremely pleased with you.
You visited 9 branches of the dungeon, and saw 47 of its levels.
You visited the Abyss 1 time.
You visited 1 bazaar.

You collected 7821 gold pieces.
You spent 6542 gold pieces at shops.

Inventory:

Hand Weapons
 a - a +9 vampiric double sword (weapon)
 b - a +8 demon blade of electrocution
 c - the +6 double sword "Bugarich" {flame, rElec Will- Str+5 Dex+2}
   (Okawaru gifted it to you on level 3 of the Snake Pit)

   Str+5:     It affects your strength (+5).
   Dex+2:     It affects your dexterity (+2).
   rElec:     It insulates you from electricity.
   Will-:     It decreases your willpower.
Missiles
 m - 12 javelins
 o - 18 silver javelins (quivered)
 q - 22 atropa-tipped darts
 N - 5 curare-tipped darts
Armour
 e - a +2 pair of gloves (worn)
 B - the +8 orange crystal plate armour (worn) {Archmagi, Int+3 Clar}
   (You bought it in a shop on level 2 of the Orcish Mines)

   Int+3:     It affects your intelligence (+3).
   Clar:      It protects you from confusion, rage, mesmerisation and fear.
 M - a +0 pair of boots of stealth (worn)
 P - a +7 tower shield of reflection (worn)
 S - the +1 cloak "Biazaet" (worn) {rPois rF+ Int+3}
   (Okawaru gifted it to you on level 2 of the Lair of Beasts)

   Int+3:     It affects your intelligence (+3).
   rF+:       It protects you from fire.
   rPois:     It protects you from poison
 V - a +2 hat (worn)
Jewellery
 h - a ring of protection from fire (left hand)
 p - a ring of protection from cold
 r - a ring of willpower
 t - a +6 ring of dexterity
 u - an amulet of guardian spirit (around neck)
 R - the ring of the Rose (right hand) {rPois rC+ Will+ rCorr}
   (You acquired it on level 5 of the Vaults)

   [ring of poison resistance]

   rC+:       It protects you from cold.
   rPois:     It protects you from poison Will+: It increases your willpower.
   rCorr:     It protects you from acid and corrosion.
 T - a +4 ring of slaying
Wands
 g - a wand of digging (23)
 j - a wand of polymorph (9)
 k - a wand of flame (61)
 E - a wand of paralysis (24)
 H - a wand of acid (38)
 Q - a wand of mindburst (34)
 X - a wand of iceblast (44)
Scrolls
 d - 2 scrolls of immolation
 i - 3 scrolls of brand weapon
 v - 12 scrolls of teleportation
 w - 3 scrolls of fear
 x - 2 scrolls of silence
 z - 10 scrolls of fog
 A - 4 scrolls of amnesia
 J - 3 scrolls of poison
 L - 2 scrolls of blinking
 Z - 5 scrolls of revelation
Potions
 f - 2 potions of magic
 l - 9 potions of lignification
 n - 10 potions of attraction
 s - a potion of might
 C - 14 potions of curing
 D - 5 potions of mutation
 G - a potion of resistance
 I - 5 potions of enlightenment
 K - a potion of haste
 O - 2 potions of invisibility
 W - 3 potions of ambrosia
 Y - 3 potions of berserk rage
Miscellaneous
 U - a phial of floods


   Skills:
 + Level 20.9 Fighting
 - Level 10.0(17.1) Short Blades
 + Level 20.1(20.7) Long Blades
 - Level 12.0 Throwing
 - Level 18.0 Armour
 - Level 2.1 Dodging
 - Level 8.0 Stealth
 + Level 21.0 Shields
 - Level 2.0 Spellcasting
 - Level 8.0 Hexes
 - Level 10.0 Invocations
 - Level 7.0 Evocations


You had 25 spell levels left.
You knew the following spells:

 Your Spells              Type           Power      Damage    Failure   Level
a - Confusing Touch       Hex            55%        N/A       100%        3

Your spell library contained the following spells:

 Spells                   Type           Power      Damage    Failure   Level
 Apportation              Tloc           6%         N/A       100%        1
 Kiss of Death            Conj/Necr      12%        2d6       100%        1
 Magic Dart               Conj           12%        1d3       100%        1
 Sandblast                Erth           6%         2d5       100%        1
 Slow                     Hex            100%       N/A       100%        1
 Sting                    Tmut/Pois      12%        1d3       100%        1
 Blink                    Tloc           6%         N/A       100%        2
 Cigotuvi's Dreadful Rot  Necr/Pois/Air  6%         N/A       100%        2
 Ensorcelled Hibernation  Hex/Ice        62%        N/A       100%        2
 Jinxbite                 Hex            100%       N/A       100%        2
 Lesser Beckoning         Tloc           6%         N/A       100%        2
 Passwall                 Tmut/Erth      2%         N/A       100%        2
 Poisonous Vapours        Pois/Air       6%         N/A       100%        2
 Searing Ray              Conj           6%         2d4       100%        2
 Static Discharge         Conj/Air       6%         2-3/arc   100%        2
 Sublimation of Blood     Necr           3%         N/A       100%        2
 Wereblood                Tmut           3%         N/A       100%        2
 Dazzling Flash           Conj/Hex       62%        N/A       100%        3
 Gell's Gravitas          Tloc           3%         N/A       100%        3
 Hailstorm                Conj/Ice       3%         3d3       100%        3
 Inner Flame              Hex/Fire       31%        N/A       100%        3
 Mephitic Cloud           Conj/Pois/Air  3%         N/A       100%        3
 Ozocubu's Armour         Ice            3%         N/A       100%        3
 Sigil of Binding         Hex            55%        N/A       100%        3
 Stone Arrow              Conj/Erth      6%         3d7       100%        3
 Teleport Other           Tloc           3%         N/A       100%        3
 Vampiric Draining        Necr           3%         2d6       100%        3
 Airstrike                Air            1%         2d(1-17)  100%        4
 Anguish                  Hex/Necr       15%        N/A       100%        4
 Brom's Barrelling Bould  Conj/Erth      3%         2d3       100%        4
 Cause Fear               Hex            27%        N/A       100%        4
 Dimensional Bullseye     Hex/Tloc       15%        N/A       100%        4
 Dispel Undead            Necr           3%         3d7       100%        4
 Fulminant Prism          Conj/Hex       15%        3d10      100%        4
 Leda's Liquefaction      Hex/Erth       15%        N/A       100%        4
 Manifold Assault         Tloc           3%         N/A       100%        4
 Olgreb's Toxic Radiance  Pois           3%         N/A       100%        4
 Petrify                  Tmut/Erth      3%         N/A       100%        4
 Agony                    Necr           3%         N/A       100%        5
 Alistair's Intoxication  Tmut/Pois      2%         N/A       100%        5
 Arcjolt                  Conj/Air       1%         1d11      100%        5
 Borgnjor's Vile Clutch   Necr/Erth      1%         N/A       100%        5
 Fireball                 Conj/Fire      1%         3d3       100%        5
 Freezing Cloud           Conj/Ice/Air   1%         6-21      100%        5
 Irradiate                Conj/Tmut      1%         3d12      100%        5
 Iskenderun's Battlesphe  Conj           3%         2d6       100%        5
 Metabolic Englaciation   Hex/Ice        15%        N/A       100%        5
 Silence                  Hex/Air        15%        N/A       100%        5
 Yara's Violent Unravell  Hex/Tmut       15%        3d8       100%        5
 Conjure Ball Lightning   Conj/Air       1%         3x3d6     100%        6
 Dispersal                Tloc           1%         N/A       100%        6
 Eringya's Noxious Bog    Tmut/Pois      1%         4d6       100%        6
 Leda's Unmaking          Conj/Erth      1%         9d1       100%        6
 Enfeeble                 Hex            27%        N/A       100%        7
 Orb of Destruction       Conj           1%         9d5       100%        7
 Ozocubu's Refrigeration  Ice            1%         4d7       100%        7
 Discord                  Hex            27%        N/A       100%        8
 Disjunction              Tloc           1%         N/A       100%        8
 Lehudib's Crystal Spear  Conj/Erth      1%         10d2      100%        8
 Call Imp                 Summ           Unusable   N/A       N/A         2
 Call Canine Familiar     Summ           Unusable   N/A       N/A         3
 Summon Guardian Golem    Hex/Summ       Unusable   N/A       N/A         3
 Tukima's Dance           Hex            Unusable   N/A       N/A         3
 Animate Armour           Summ/Erth      Unusable   N/A       N/A         4
 Animate Dead             Necr           Unusable   N/A       N/A         4
 Summon Ice Beast         Ice/Summ       Unusable   N/A       N/A         4
 Summon Lightning Spire   Summ/Air       Unusable   N/A       N/A         4
 Death Channel            Necr           Unusable   N/A       N/A         6
 Simulacrum               Ice/Necr       Unusable   N/A       N/A         6
 Haunt                    Necr/Summ      Unusable   N/A       N/A         7
 Spellforged Servitor     Conj/Summ      Unusable   N/A       N/A         7
 Borgnjor's Revivificati  Necr           Unusable   N/A       N/A         8
 Death's Door             Necr           Unusable   N/A       N/A         9
 Dragon's Call            Summ           Unusable   N/A       N/A         9

Dungeon Overview and Level Annotations

Branches:
Dungeon (15/15)            Temple (0/1) D:7            Lair (5/5) D:11
  Swamp (4/4) Lair:3        Snake (4/4) Lair:2        Slime (0/5) Lair:4
    Orc (2/2) D:9             Elf (3/3) Orc:2        Vaults (5/5) D:13
  Crypt (0/3) Vaults:3     Depths (4/4) D:15            Zot (5/5) Depths:4

Altars:
Ashenzari
Dithmenos
Fedhas
Gozag
Hepliaklqana
Makhleb
Nemelex Xobeh
Okawaru
Sif Muna
Trog
Uskayaw
Vehumet
Xom
Yredelemnul
Jiyva
Lugonu

Shops:
D:3 [*:   D:5 (   D:6 :([([   D:8 =   Orc:2 ?=[*   Elf:2 :   Elf:3 ::=
Snake:1 ?:[   Vaults:1 *   Vaults:4 (   Depths:2 *

Portals:
Hell: Depths:1 Depths:2 Depths:3 Depths:4
Abyss: Depths:1 Depths:3 Depths:4
Pandemonium: Depths:2 Depths:3
Ziggurat: Depths:4

Annotations:
D:6 2 transporters, PiratePeteNZ's ghost, novice HuFi
D:11 2 transporters, dontdoit's ghost, journeyman HuSu
D:12 exclusion: two-headed ogre, Frances
D:15 exclusion: 3 hogs, Roxanne
Lair:3 1 runed translucent door, exclusions: death yak and door, tenshi1004's ghost, journeyman FoFi
Snake:2 1 runed translucent door, exclusion: door, Totter's ghost, adept DrSh
Orc:2 3 runed translucent doors, exclusions: 3 doors and 1 more exclusion, Hufalaah's ghost, journeyman DsGl; Kosidy's ghost, journeyman DsCj
Elf:2 3 runed translucent doors, exclusion: 3 doors
Vaults:1 8 runed translucent doors, exclusion: 8 doors, Maazeo's ghost, adept TrSh
Vaults:3 3 runed translucent doors, exclusion: 3 doors
Zot:2 3 runed translucent doors, Cigeacw's ghost, veteran MiFi; Parghit


Innate Abilities, Weirdness & Mutations

You do not regenerate when monsters are visible.
You are frail without blood (-20% HP).
You can heal yourself when you bite living creatures.
You are immune to poison.
You have razor-sharp teeth.
You have supernaturally acute eyesight. (SInv)
You are afflicted with vampirism and can become a bat while bloodless.
You have sharp fingernails.
You have a pair of small horns on your head.


Message History

There is a stone staircase leading up here.
You climb upwards.
There is a stone staircase leading down here.
The walking earthen tome's pages rustle loudly.
The walking earthen tome's pages rustle loudly.
There is an entrance to Quef Ipsi's Book Emporium here.
There is a stone staircase leading up here.
You climb upwards.
There is a stone staircase leading down here.
You see here a +0 flail.
There is a stone staircase leading up here.
You climb upwards.
There is a stone staircase leading down here.
An Orb Guardian comes into view.
You block the Orb Guardian's attack.
The Orb Guardian hits you but does no damage.
You slice the Orb Guardian!! Your headbutt misses the Orb Guardian.
The Orb Guardian is moderately wounded.
You block the Orb Guardian's attack.
You slash the Orb Guardian!
You headbutt the Orb Guardian, but do no damage.
The Orb Guardian is heavily wounded.
You block the Orb Guardian's attack.
You slice the Orb Guardian!!
The Orb Guardian is severely wounded.
You block the Orb Guardian's attack.
You slash the Orb Guardian! Your headbutt misses the Orb Guardian.
You bite the Orb Guardian, but do no damage.
The Orb Guardian is almost dead.
You block the Orb Guardian's attack.
You chop the Orb Guardian into pieces!!!
You kill the Orb Guardian!
Okawaru accepts your kill.
There is a staircase leading out of the dungeon here.
At your current blood state you are immune to poison, significantly resist cold, are immune to negative energy, resist torment and do not heal with monsters in sight.
You are studying Hexes.
Your movement speed is average.
Your attack delay is about 0.8 (and cannot be improved with additional weapon skill) (and is slowed by your shield).
Your damage rating with your +9 vampiric double sword is about 46 (Base 15 x 132% (Dex) x 190% (Skill) + 9 (Ench)).
Your base attributes are Str 9, Int 18, Dex 24.
You have escaped!

######.###### #.
#...........# #.
#...........# #.
#...........# #.
#...........# #.
#...........# #.
#...........# ##
#...........#
##################
######'######
#@#..#...##.#....#
#.#
#..##..##..#...#..
#.#
#.#..#..#.#..#..#.
#.#
#..##.#.##..#..##.
#.#
#.##...#.#..#..##.
#.#
##.#.###.##...#..#
#.#
##..###.#.#..#....
#.#
#.###..##.##......
#.#
#.#...#.##.#..##..


There were no monsters in sight!

Vanquished Creatures
  5 dread liches
  4 ancient liches
  5 orbs of fire
  A juggernaut (Depths:4)
  Sojobo (Depths:3)
  Boris (Vaults:4)
  Frederick (Depths:3)
  Vashnia (Snake:2)
  2 Killer Klowns (Zot:5)
  A caustic shrike (Depths:3)
  9 curse toes
  7 golden dragons
  7 bone dragons
  6 electric golems
  A walking crystal tome (Depths:2)
  A lich (Vaults:5)
  20 tentacled monstrosities
  23 Orb Guardians
  Zenata (Vaults:1)
  6 titans
  3 deep elf blademasters (Elf:3)
  A walking earthen tome (Depths:4)
  4 sphinxes
  5 quicksilver dragons
  2 deep elf master archers (Elf:3)
  Asterion (Elf:3)
  2 ancient champions
  A quicksilver dragon (shapeshifter) (Vaults:3)
  Gastronok (Orc:1)
  5 death cobs
  Aizul (Vaults:4)
  A shadow dragon (shapeshifter) (Depths:4)
  10 tengu reavers
  14 shadow dragons
  11 storm dragons
  15 nagarajas (Snake:4)
  Donald (Elf:3)
  5 draconian monks
  5 fire giants
  A draconian knight (Zot:1)
  17 vault wardens
  Louise (Depths:1)
  9 frost giants
  14 deep elf sorcerers
  A ghost moth (Zot:1)
  A curse skull (Zot:3)
  2 deep elf elementalists (Elf:3)
  6 draconian stormcallers
  5 draconian scorchers
  A spriggan defender (Depths:3)
  2 ghouls
  5 draconian shifters
  4 formless jellyfish
  18 ironbound preservers
  23 very ugly things
  3 orc warlords (Depths:1)
  7 draconian annihilators
  5 war gargoyles
  9 stone giants
  4 green draconians
  6 ironbound thunderhulks
  4 eleionomae
  2 vampire knights
  7 deep elf annihilators
  6 deep elf demonologists (Elf:3)
  3 white draconians
  Azrael (D:15)
  A lorocyproca (Depths:2)
  9 black draconians
  12 spark wasps
  2 bunyips (Swamp:3)
  8 red draconians
  4 yellow draconians
  14 purple draconians
  7 dire elephants (Vaults:3)
  A merfolk impaler (Depths:1)
  2 green deaths
  7 ettins
  A blizzard demon (Depths:1)
  6 fire dragons
  4 crystal guardians
  11 deep elf high priests
  7 deep elf death magi
  Josephine (D:12)
  16 yaktaur captains
  2 great orbs of eyes (Vaults:4)
  2 shambling mangroves (Swamp:3)
  3 rakshasas
  2 hell beasts (Depths:1)
  43 vault guards
  11 ice dragons
  Erolcha (D:12)
  3 ghost crabs
  3 alligators
  12 hydras
  2 catoblepae
  4 peacekeepers
  7 spriggan air magi
  11 ironbound frosthearts
  A merfolk avatar (Lair:5)
  25 centaur warriors
  Erica (Orc:1)
  6 tengu warriors
  19 naga warriors
  A satyr (shapeshifter) (Vaults:1)
  4 two-headed ogres
  13 dancing weapons
  11 anacondas
  2 boulder beetles
  7 deep troll shamans
  2 death knights
  A vampire mage (Depths:3)
  Urug (D:12)
  5 deep troll earth magi
  2 shock serpents (Snake:2)
  13 naga sharpshooters
  9 hell knights
  8 spriggan berserkers
  4 large abominations (Depths:3)
  A demonic crawler (Lair:1)
  Sonja (Orc:2)
  11 deep elf knights
  2 salamander mystics (Snake:3)
  5 iron trolls
  4 skysharks
  54 deep trolls
  2 goliath frogs
  A sea snake (Lair:5)
  A death drake (Swamp:4)
  7 bog bodies
  A spectral hydra (Swamp:4)
  4 spriggan druids
  8 swamp dragons
  9 lindwurms
  8 naga ritualists
  7 glowing orange brains
  A wizard (Elf:1)
  A flayed ghost (Depths:2)
  12 deep elf archers
  2 harpies (Lair:5)
  15 ironbound convokers
  A harpy (shapeshifter) (D:13)
  4 phantasmal warriors
  5 alligator zombies (Swamp:4)
  23 deep elf pyromancers
  8 necromancers
  19 ugly things
  27 salamanders
  9 orc knights
  16 deep elf zephyrmancers
  2 will-o-the-wisps (Swamp:3)
  2 orc sorcerers
  A toenail golem (Zot:3)
  A wolf spider (shapeshifter) (Elf:3)
  A moth of wrath (shapeshifter) (Vaults:5)
  21 moths of wrath
  2 mana vipers (Snake:3)
  5 manticores
  A faun (shapeshifter) (Vaults:5)
  5 cyclopes
  14 naga magi
  16 elephants
  21 vault sentinels
  A black mamba (shapeshifter) (Depths:3)
  4 guardian serpents (Snake:4)
  31 black mambas
  A torpor snail (Lair:2)
  2 gargoyles (D:13)
  12 cane toads
  8 unseen horrors
  An efreet (D:13)
  2 swamp worm zombies (Swamp:4)
  35 yaktaurs
  6 freezing wraiths
  19 komodo dragons
  6 tengu conjurers
  3 rime drakes
  2 ice devils (Depths:2)
  2 meliai (shapeshifter)
  A red devil (Depths:2)
  8 tyrant leeches
  7 polar bears
  2 hydra zombies (Swamp:4)
  A hellwing (Depths:2)
  6 trolls
  A wind drake (shapeshifter) (Elf:3)
  19 hornets
  Prince Ribbit (D:5)
  2 wind drakes (Lair:5)
  A spectral swamp dragon (Swamp:4)
  A dream sheep (shapeshifter) (Vaults:5)
  14 blink frogs
  A snapping turtle (Lair:5)
  22 slime creatures
  8 wraiths
  7 air elementals
  3 fire elementals (D:15)
  18 spriggans
  A shadow (D:8)
  69 yaks
  3 vampires
  9 wyverns
  Eustachio (D:4)
  2 basilisks
  5 water elementals
  16 humans (D:13)
  A chaos spawn (Depths:3)
  5 steam dragons
  18 golden eyes (Zot:3)
  13 vampire mosquitoes
  A redback (shapeshifter) (Vaults:5)
  A warg (shapeshifter) (D:12)
  3 wargs (Depths:1)
  38 nagas
  17 swamp worms
  4 acid dragons
  4 hell hounds (D:15)
  2 small abominations (Depths:3)
  20 water moccasins
  2 floating eyes (shapeshifter)
  A swamp drake (shapeshifter) (Depths:3)
  3 ice beasts
  4 black bears
  37 orc warriors
  5 swamp dragon zombies (Swamp:4)
  7 ogres
  A tengu (shapeshifter) (Vaults:5)
  2 boggarts
  20 centaurs
  23 wolves
  5 phantoms
  2 kobold brigands
  4 earth elementals
  14 bullfrogs
  2 gnoll sergeants (D:8)
  4 necrophages
  5 scorpions
  A wight (D:8)
  11 killer bees
  6 howler monkeys
  11 electric eels
  4 lava snakes (Snake:2)
  2 hounds
  4 jellies
  4 gnoll boudas
  13 orc priests
  A sleepcap (D:7)
  4 iguanas
  18 orc wizards
  A spectral swamp drake (Swamp:4)
  4 polar bear simulacra (Lair:2)
  2 wolf simulacra (Lair:2)
  2 yak simulacra (Lair:2)
  21 gnolls
  4 adders
  5 swamp drake zombies (Swamp:4)
  A white imp (D:5)
  A worm (D:2)
  4 dart slugs
  87 orcs
  4 ball pythons
  7 endoplasms
  5 giant cockroaches
  10 hobgoblins
  4 jackals
  9 kobolds
  3 quokkas
  6 bats
  5 goblins
  2 rats
  3 river rat simulacra (Lair:2)
1974 creatures vanquished.

Vanquished Creatures (others)
  A storm dragon (Depths:2)
  A yellow draconian (Depths:4)
  A salamander mystic (Snake:2)
  A wizard (Elf:1)
  A deep elf zephyrmancer (Elf:1)
  5 bloated husks (Swamp:4)
  2 hornets (Swamp:4)
  A spriggan (Swamp:4)
  A warg (Depths:1)
14 creatures vanquished.

Grand Total: 1988 creatures vanquished

Notes
Turn   | Place    | Note
-------+----------+-------------------------------------------
     0 | D:1      | BarneyGumball the Vampire Enchanter began the quest for the
                  | Orb.
     0 | D:1      | Reached XP level 1. HP: 13/13 MP: 3/3
    60 | D:1      | Reached XP level 2. HP: 19/19 MP: 5/5
   126 | D:1      | Reached skill level 5 in Hexes
   231 | D:1      | Found a faded altar of an unknown god.
   257 | D:1      | Got a dusty book
   258 | D:1      | Prayed at the altar of an unknown god.
   258 | D:1      | Became a worshipper of Warmaster Okawaru
   258 | D:1      | Reached * piety under Okawaru
  1037 | D:1      | Gained mutation: You are afflicted with vampirism and can
                  | become a bat while bloodless. [Vampire growth]
  1037 | D:1      | Reached XP level 3. HP: 24/24 MP: 6/6
  1588 | D:2      | Reached skill level 5 in Stealth
  1612 | D:2      | Reached XP level 4. HP: 30/30 MP: 7/7
  1780 | D:3      | Noticed a walking earthen tome
  1782 | D:3      | Found Quef Ipsi's Book Emporium.
  1783 | D:3      | Noticed a walking earthen tome
  1805 | D:3      | Learned a level 3 spell: Confusing Touch
  1899 | D:3      | Found an iron altar of Okawaru.
  1958 | D:3      | Found Woixizor's Armour Boutique.
  2378 | D:3      | Found Afoifuda's General Store.
  2389 | D:3      | Bought a scroll of fear for 44 gold pieces
  2389 | D:3      | Bought a scroll of immolation for 44 gold pieces
  2389 | D:3      | Bought a scroll of identify for 22 gold pieces
  2522 | D:4      | Noticed Eustachio
  2533 | D:4      | Killed Eustachio
  2534 | D:4      | Reached XP level 5. HP: 33/35 MP: 8/8
  2613 | D:4      | Reached XP level 6. HP: 41/41 MP: 9/9
  2692 | D:4      | Found a shimmering blue altar of Sif Muna.
  3229 | D:4      | Reached ** piety under Okawaru
  3405 | D:5      | Entered Level 5 of the Dungeon
  3405 | D:5      | Found Qaigokki's Antique Weapon Boutique.
  3572 | D:5      | Found a burning altar of Makhleb.
  3807 | D:5      | Found a hazy altar of Hepliaklqana.
  3807 | D:5      | Found a bloodstained altar of Trog.
  3904 | D:5      | Noticed Prince Ribbit
  4006 | D:5      | Reached XP level 7. HP: 25/46 MP: 10/10
  4212 | D:5      | Reached skill level 5 in Short Blades
  4248 | D:5      | Got a resplendent book
  4609 | D:6      | Found Laroew's Antique Weapon Emporium.
  4831 | D:6      | Found Fedar's Antique Armour Emporium.
  4973 | D:6      | Found a radiant altar of Vehumet.
  5002 | D:6      | Found a basalt altar of Yredelemnul.
  5055 | D:6      | Found a transporter.
  5056 | D:6      | Found a transporter.
  5057 | D:6      | Noticed PiratePeteNZ's ghost (novice HuFi)
  5175 | D:6      | Found a broken altar of Ashenzari.
  5234 | D:6      | Reached XP level 8. HP: 52/52 MP: 11/11
  5264 | D:6      | Reached *** piety under Okawaru
  5267 | D:6      | Found March's Book Shoppe.
  5294 | D:6      | Found Rim Uwull's Armour Emporium.
  5306 | D:6      | Found Pumir's Weapon Shoppe.
  5556 | D:7      | Found a shadowy altar of Dithmenos.
  5844 | D:7      | Found a staircase to the Ecumenical Temple.
  6519 | D:8      | Reached skill level 10 in Short Blades
  6627 | D:8      | Found Qewuagit's Jewellery Boutique.
  6691 | D:8      | Reached skill level 1 in Fighting
  6691 | D:8      | Reached skill level 1 in Invocations
  6953 | D:8      | Reached skill level 1 in Armour
  7039 | D:8      | Reached skill level 1 in Shields
  7039 | D:8      | Reached XP level 9. HP: 24/59 MP: 8/12
  7140 | D:8      | Noticed a skeletal warrior
  7419 | D:8      | Noticed a centaur warrior
  7638 | D:8      | Killed a centaur warrior
  7638 | D:8      | Reached **** piety under Okawaru
  7639 | D:8      | Reached skill level 2 in Shields
  7882 | D:8      | Reached skill level 3 in Shields
  8016 | D:8      | Identified the +3 trident of the Globe {flame, rElec rF-
                  | rN+ Int+4}
  8284 | D:8      | Reached XP level 10. HP: 61/71 MP: 9/13
  8388 | D:8      | Reached skill level 4 in Shields
  8399 | D:8      | Identified the +0 helmet "Otorepp" {*Corrode +Inv rElec
                  | Int-2 Dex+7}
  8580 | D:5      | Bought a glowing scimitar for 231 gold pieces
  8633 | D:5      | Killed Prince Ribbit
  8633 | D:5      | Reached ***** piety under Okawaru
  8774 | D:7      | Reached skill level 1 in Long Blades
  9196 | D:9      | Noticed a two-headed ogre
  9207 | D:9      | Killed a two-headed ogre
  9207 | D:9      | Received a gift from Okawaru
  9208 | D:9      | Reached skill level 5 in Fighting
  9208 | D:9      | Reached skill level 1 in Throwing
  9246 | D:9      | Reached skill level 5 in Invocations
  9335 | D:9      | Found a blossoming altar of Fedhas.
  9358 | D:9      | Found a shimmering altar of Xom.
  9672 | D:9      | Reached skill level 5 in Armour
 10051 | D:9      | Received a gift from Okawaru
 10136 | D:9      | Found a staircase to the Orcish Mines.
 10314 | D:10     | Entered Level 10 of the Dungeon
 10374 | D:10     | Reached XP level 11. HP: 73/81 MP: 14/14
 10545 | D:10     | Found an opulent altar of Gozag.
 11033 | D:10     | Found a sparkling altar of Nemelex Xobeh.
 11195 | D:10     | Noticed a red ugly thing
 11265 | D:11     | Noticed a two-headed ogre
 11271 | D:11     | Noticed a two-headed ogre
 11300 | D:11     | Killed a two-headed ogre
 11300 | D:11     | Received a gift from Okawaru
 11301 | D:11     | Reached skill level 5 in Long Blades
 11341 | D:11     | Killed a two-headed ogre
 11483 | D:11     | Received a gift from Okawaru
 11494 | D:11     | Found a staircase to the Lair.
 11789 | D:11     | Found a transporter.
 11789 | D:11     | Noticed a two-headed ogre
 11789 | D:11     | Noticed dontdoit's ghost (journeyman HuSu)
 11798 | D:11     | Noticed a two-headed ogre
 11798 | D:11     | Noticed a two-headed ogre
 11799 | D:11     | Found a transporter.
 11800 | D:11     | Noticed a two-headed ogre
 11890 | D:11     | Found a hide-covered altar of Uskayaw.
 12239 | D:3      | Bought a +3 chain mail of cold resistance for 371 gold
                  | pieces
 12449 | Lair:1   | Entered Level 1 of the Lair of Beasts
 12581 | Lair:1   | Received a gift from Okawaru
 12687 | Lair:1   | Noticed a death yak
 12710 | Lair:1   | Reached XP level 12. HP: 89/91 MP: 15/15
 12743 | Lair:1   | Noticed a catoblepas
 12766 | Lair:1   | Killed a catoblepas
 13128 | Lair:1   | Noticed a death yak
 13128 | Lair:1   | Noticed a death yak
 13277 | Lair:1   | Noticed a death yak
 13277 | Lair:1   | Noticed a death yak
 13358 | Lair:1   | Noticed a demonic crawler
 13423 | Lair:1   | Killed a demonic crawler
 13540 | Lair:1   | Noticed an ice dragon
 13553 | Lair:1   | Killed an ice dragon
 13787 | Lair:2   | Reached skill level 10 in Long Blades
 13953 | Lair:2   | Noticed a six-headed hydra
 14025 | Lair:2   | Killed a three-headed hydra
 14164 | Lair:2   | Reached ****** piety under Okawaru
 14248 | Lair:2   | Received a gift from Okawaru
 14409 | Lair:2   | Acquired the +1 cloak "Biazaet" {rPois rF+ Int+3}
 14409 | Lair:2   | Received a gift from Okawaru
 14797 | Lair:2   | Reached XP level 13. HP: 96/96 MP: 16/16
 14940 | Lair:2   | Found a staircase to the Snake Pit.
 15364 | Lair:3   | Reached skill level 1 in Evocations
 15540 | Lair:3   | Found a runed translucent door.
 15541 | Lair:3   | Found a shimmering altar of Xom.
 15541 | Lair:3   | Noticed tenshi1004's ghost (journeyman FoFi)
 15585 | Lair:3   | Found a staircase to the Swamp.
 15799 | Lair:3   | Received a gift from Okawaru
 15813 | Lair:3   | Found a frozen archway.
 16164 | Lair:3   | Reached skill level 5 in Throwing
 16769 | Lair:4   | Received a gift from Okawaru
 17319 | Lair:4   | Reached XP level 14. HP: 90/106 MP: 17/17
 17398 | Lair:4   | Received a gift from Okawaru
 17572 | Lair:4   | Found a viscous altar of Jiyva.
 17572 | Lair:4   | Found a staircase to the Slime Pits.
 17753 | Lair:5   | Entered Level 5 of the Lair of Beasts
 18929 | D:11     | Received a gift from Okawaru
 18950 | D:12     | Noticed Frances
 19126 | D:12     | Noticed Josephine
 19134 | D:12     | Reached skill level 10 in Armour
 19143 | D:12     | Killed Josephine
 19302 | D:12     | Found a flickering gateway to a bazaar.
 19315 | Bazaar   | Entered a bazaar
 19318 | Bazaar   | Found Turupnum's Book Shop.
 19347 | Bazaar   | Found Zeunk's Armour Shop.
 19381 | Bazaar   | Found Ackoapho's Magic Scroll Shop.
 19381 | Bazaar   | Found Bugy's Assorted Antiques.
 19393 | Bazaar   | Bought a scroll of teleportation for 24 gold pieces
 19393 | Bazaar   | Bought a scroll of identify for 16 gold pieces
 19393 | Bazaar   | Bought a scroll of amnesia for 32 gold pieces
 19393 | Bazaar   | Bought a scroll of enchant weapon for 60 gold pieces
 19393 | Bazaar   | Bought a scroll of noise for 8 gold pieces
 19393 | Bazaar   | Bought a scroll of enchant armour for 60 gold pieces
 19393 | Bazaar   | Bought a scroll of identify for 16 gold pieces
 19393 | Bazaar   | Bought a scroll of fear for 32 gold pieces
 19399 | Bazaar   | Bought a scroll of enchant armour for 195 gold pieces
 19399 | Bazaar   | Bought a scroll of identify for 52 gold pieces
 19399 | Bazaar   | Bought a scroll of identify for 52 gold pieces
 19399 | Bazaar   | Bought a scroll of identify for 52 gold pieces
 19474 | D:12     | Noticed Erolcha
 19487 | D:12     | Killed Erolcha
 20030 | D:12     | Noticed Urug
 20034 | D:12     | Killed Urug
 20158 | D:13     | Found a gate to the Vaults.
 20283 | Orc:1    | Entered Level 1 of the Orcish Mines
 20361 | Orc:2    | Entered Level 2 of the Orcish Mines
 20368 | Orc:2    | Found a staircase to the Elven Halls.
 20654 | Orc:1    | Noticed Erica
 20661 | Orc:1    | Killed Erica
 20662 | Orc:1    | Reached skill level 10 in Fighting
 20916 | Orc:1    | Noticed Gastronok
 20928 | Orc:1    | Received a gift from Okawaru
 20955 | Orc:1    | Killed Gastronok
 21018 | Orc:1    | Reached skill level 5 in Shields
 21156 | Orc:2    | Noticed Sonja
 21181 | Abyss:1  | Cast into level 1 of the Abyss (Sonja)
 21239 | Orc:2    | Escaped the Abyss
 21255 | Orc:2    | Killed Sonja
 21426 | Orc:2    | Found a runed translucent gate.
 21427 | Orc:2    | Found a runed translucent gate.
 21428 | Orc:2    | Found a runed translucent gate.
 21429 | Orc:2    | Noticed Kosidy's ghost (journeyman DsCj)
 21430 | Orc:2    | Noticed Hufalaah's ghost (journeyman DsGl)
 21629 | Orc:2    | Found Vehico's Jewellery Emporium.
 21629 | Orc:2    | Found Cota's Armour Shop.
 21631 | Orc:2    | Found Lumoj's Assorted Antiques.
 21633 | Orc:2    | Found Nuqoghon's Magic Scroll Shoppe.
 21666 | Orc:2    | Bought a scroll of identify for 24 gold pieces
 21666 | Orc:2    | Bought a scroll of revelation for 90 gold pieces
 22134 | D:13     | Reached XP level 15. HP: 103/116 MP: 12/18
 22210 | D:13     | Received a gift from Okawaru
 22645 | D:13     | Reached skill level 6 in Shields
 23851 | D:14     | Received a gift from Okawaru
 24176 | D:15     | Entered Level 15 of the Dungeon
 24274 | D:15     | Noticed Azrael
 24289 | D:15     | Killed Azrael
 24701 | D:15     | Noticed Roxanne
 24896 | D:15     | Found a staircase to the Depths.
 25528 | Snake:1  | Entered Level 1 of the Snake Pit
 25772 | Orc:2    | Bought a scroll of identify for 24 gold pieces
 25772 | Orc:2    | Identified a scroll of acquirement
 25773 | Orc:2    | Acquired 322 gold pieces
 25775 | Orc:2    | Bought a scroll of identify for 24 gold pieces
 25997 | Snake:1  | Found Quapug's Antique Armour Shoppe.
 26002 | Snake:1  | Found Rotuehuk's Book Shoppe.
 26156 | Snake:1  | Reached skill level 7 in Shields
 26407 | Snake:1  | Found Ywego's Magic Scroll Boutique.
 26410 | Snake:1  | Bought 2 scrolls of enchant armour for 165 gold pieces
 26410 | Snake:1  | Bought a scroll of enchant weapon for 82 gold pieces
 26463 | Snake:1  | Received a gift from Okawaru
 26827 | Snake:1  | Reached XP level 16. HP: 126/126 MP: 21/21
 27234 | Snake:2  | Received a gift from Okawaru
 27767 | Snake:2  | Noticed Vashnia
 28102 | Snake:2  | Killed Vashnia
 28103 | Snake:2  | Reached skill level 8 in Shields
 28181 | Snake:2  | Identified the +1 flail of the Burning God {flame, rCorr
                  | Str+4 Int-5}
 28325 | Snake:2  | Found a runed translucent door.
 28326 | Snake:2  | Noticed Totter's ghost (adept DrSh)
 28873 | Snake:3  | Received a gift from Okawaru
 28941 | Snake:3  | Identified the +8 mace of Brawling {flame, rPois}
 28961 | Snake:3  | Acquired the +6 double sword "Bugarich" {flame, rElec Will-
                  | Str+5 Dex+2}
 28961 | Snake:3  | Received a gift from Okawaru
 29550 | Snake:4  | Entered Level 4 of the Snake Pit
 29863 | Snake:4  | Received a gift from Okawaru
 30117 | Snake:4  | Reached skill level 15 in Long Blades
 30233 | Snake:4  | Reached skill level 9 in Shields
 30663 | Snake:4  | Reached XP level 17. HP: 126/133 MP: 23/23
 30834 | Snake:4  | Received a gift from Okawaru
 30968 | Snake:4  | Got a serpentine rune of Zot
 31628 | Snake:4  | Received a gift from Okawaru
 32506 | Swamp:1  | Entered Level 1 of the Swamp
 33256 | Swamp:1  | Reached skill level 10 in Shields
 33892 | Swamp:2  | Reached skill level 10 in Invocations
 33894 | Swamp:2  | Received a gift from Okawaru
 34582 | Swamp:3  | Received a gift from Okawaru
 35026 | Swamp:4  | Entered Level 4 of the Swamp
 35488 | Swamp:4  | Reached XP level 18. HP: 140/143 MP: 25/25
 35724 | Swamp:4  | Reached skill level 11 in Shields
 35970 | Swamp:4  | Noticed a bone dragon
 36144 | Swamp:4  | Killed a bone dragon
 36404 | Swamp:4  | Got a decaying rune of Zot
 36656 | Vaults:1 | Entered Level 1 of the Vaults
 36690 | Vaults:1 | Received a gift from Okawaru
 37471 | Orc:2    | Bought the +8 orange crystal plate armour {Archmagi, Int+3
                  | Clar} for 2023 gold pieces
 37471 | Orc:2    | Found the +8 orange crystal plate armour {Archmagi, Int+3
                  | Clar}
 37805 | Vaults:1 | Found a large runed translucent door.
 37805 | Vaults:1 | Found a large runed translucent door.
 37805 | Vaults:1 | Found a large runed translucent door.
 37805 | Vaults:1 | Found a large runed translucent door.
 37805 | Vaults:1 | Found a large runed translucent door.
 37805 | Vaults:1 | Found a large runed translucent door.
 37805 | Vaults:1 | Found a large runed translucent door.
 37805 | Vaults:1 | Found a large runed translucent door.
 37805 | Vaults:1 | Noticed Maazeo's ghost (adept TrSh)
 37922 | Vaults:1 | Found Xiteur Kiyng's General Store.
 37926 | Vaults:1 | Bought a potion of curing for 48 gold pieces
 38179 | Vaults:1 | Noticed Zenata
 38180 | Vaults:1 | Upgraded the game from 0.31-a0-806-g0bc164a to
                  | 0.31-a0-810-ga77100e
 38369 | Vaults:2 | Received a gift from Okawaru
 38371 | Vaults:2 | Identified the +2 robe "Vimmutta" {rN++ rCorr Int+4}
 38382 | Vaults:2 | Reached skill level 12 in Shields
 38850 | Vaults:2 | You fall into a shaft and drop 1 floor!
 38889 | Vaults:2 | Received a gift from Okawaru
 39294 | Vaults:1 | Killed Zenata
 39316 | Vaults:1 | Reached XP level 19. HP: 153/153 MP: 22/26
 39555 | Vaults:1 | Received a gift from Okawaru
 40442 | Vaults:3 | Reached skill level 15 in Fighting
 40529 | Vaults:3 | Reached skill level 13 in Shields
 40642 | Vaults:3 | Reached skill level 5 in Evocations
 40683 | Vaults:3 | Found a staircase to the Crypt.
 40772 | Vaults:3 | Received a gift from Okawaru
 41042 | Vaults:3 | Reached skill level 15 in Armour
 41725 | Vaults:3 | Found a runed translucent gate.
 41725 | Vaults:3 | Found a runed translucent gate.
 41729 | Vaults:3 | Found a runed translucent gate.
 42368 | Vaults:4 | Identified the +3 scale mail of Zyush {Rampage rN+ Stlth+}
 42437 | Vaults:4 | Noticed Boris
 42469 | Vaults:4 | Killed Boris
 42469 | Vaults:4 | Received a gift from Okawaru
 42495 | Vaults:4 | Found Zinweqitz's Weapon Shop.
 42511 | Vaults:4 | Noticed Aizul
 42607 | Vaults:4 | Killed Aizul
 42908 | Vaults:4 | Identified the orb of the Bursted God {mayhem, rN+ rCorr
                  | Str-2}
 43069 | Vaults:4 | Paralysed by a formless jellyfish for 1 turns
 43461 | Vaults:4 | Reached XP level 20. HP: 159/160 MP: 27/27
 44219 | Elf:1    | Entered Level 1 of the Elven Halls
 44223 | Elf:1    | Paralysed by an air elemental for 1 turns
 44256 | Elf:1    | Reached skill level 14 in Shields
 44530 | Elf:1    | Received a gift from Okawaru
 44731 | Elf:1    | Paralysed by an air elemental for 1 turns
 44750 | Elf:1    | Paralysed by an air elemental for 1 turns
 45492 | Elf:2    | Found Kiuh's Book Shoppe.
 45522 | Elf:2    | Paralysed by an air elemental for 1 turns
 45551 | Elf:2    | Paralysed by an air elemental for 1 turns
 45557 | Elf:2    | Paralysed by an air elemental for 1 turns
 45659 | Elf:2    | Found a runed translucent gate.
 45659 | Elf:2    | Found a runed translucent gate.
 45660 | Elf:2    | Found a runed translucent gate.
 45994 | Elf:3    | Entered Level 3 of the Elven Halls
 46043 | Elf:3    | Identified the +3 kite shield of Lies {Dex+6}
 46043 | Elf:3    | Noticed Donald
 46075 | Elf:3    | Killed Donald
 46447 | Elf:3    | Found Natuyn's Jewellery Emporium.
 46448 | Elf:3    | Found Batuas's Book Shop.
 46448 | Elf:3    | Found Ewiopnej's Book Shop.
 46606 | Orc:2    | Bought a ring of protection from cold for 400 gold pieces
 47042 | Elf:3    | Received a gift from Okawaru
 47073 | Elf:3    | Identified the +0 kite shield "Gadeira" {rN+ Str-2 Dex+3}
 47073 | Elf:3    | Noticed Asterion
 47090 | Elf:3    | Killed Asterion
 47226 | Elf:3    | Paralysed by an air elemental for 1 turns
 47803 | Elf:3    | Reached skill level 15 in Shields
 47852 | Elf:3    | Received a gift from Okawaru
 48085 | Elf:3    | Identified the +4 broad axe of Ignis's Benevolence {heavy,
                  | Will+ Dex+3}
 48383 | Elf:3    | Identified the staff of Law {rF+ Dex+2 Conj Tloc Earth}
 48476 | Elf:3    | Reached XP level 21. HP: 174/174 MP: 28/28
 48501 | Elf:3    | Identified the +4 flail of Tomorrow {flame, rElec rF+ rN+}
 48503 | Elf:3    | Got a fusty book
 48749 | D:8      | Bought an amulet of guardian spirit for 360 gold pieces
 49460 | Depths:1 | Entered Level 1 of the Depths
 49722 | D:15     | Received a gift from Okawaru
 50028 | Depths:1 | Found a gateway to Hell.
 50311 | Depths:1 | Found a one-way gate to the infinite horrors of the Abyss.
 50360 | Depths:1 | Noticed Louise
 50380 | Depths:1 | Killed Louise
 51044 | Depths:1 | Received a gift from Okawaru
 51324 | Depths:2 | Found a one-way gate leading to the halls of Pandemonium.
 51448 | Depths:2 | You fall into a shaft and drop 1 floor!
 51575 | Depths:3 | Noticed a caustic shrike
 51587 | Depths:3 | Noticed Frederick
 51588 | Depths:3 | Killed a caustic shrike
 51589 | Depths:3 | Reached skill level 10 in Throwing
 51637 | Depths:3 | Killed Frederick
 52044 | Depths:2 | Found Apinwo Ewai's General Store.
 52050 | Depths:2 | Bought a scroll of blinking for 172 gold pieces
 52050 | Depths:2 | Bought a scroll of enchant armour for 172 gold pieces
 54209 | Depths:3 | Received a gift from Okawaru
 54343 | Depths:3 | Noticed Sojobo
 54393 | Depths:3 | Paralysed by an air elemental for 1 turns
 54397 | Depths:3 | Paralysed by an air elemental for 1 turns
 54401 | Depths:3 | Paralysed by an air elemental for 1 turns
 54405 | Depths:3 | Killed Sojobo
 54551 | Depths:3 | Reached XP level 22. HP: 140/144 MP: 25/29
 54730 | Depths:4 | Entered Level 4 of the Depths
 55081 | Depths:4 | Reached skill level 16 in Shields
 55576 | Depths:4 | Found a one-way gateway to a ziggurat.
 55645 | Depths:4 | Received a gift from Okawaru
 56054 | Depths:4 | Found a corrupted altar of Lugonu.
 56083 | Depths:4 | Found a gate to the Realm of Zot.
 56466 | Depths:4 | Noticed a juggernaut
 56482 | Depths:4 | Killed a juggernaut
 56482 | Depths:4 | Received a gift from Okawaru
 56626 | Depths:4 | Reached skill level 17 in Shields
 58164 | Orc:2    | Bought a ring of protection from fire for 400 gold pieces
 58557 | Vaults:5 | Entered Level 5 of the Vaults
 58557 | Vaults:5 | Noticed a dread lich
 58561 | Vaults:5 | Received a gift from Okawaru
 58582 | Vaults:5 | Killed a dread lich
 58589 | Vaults:5 | Received a gift from Okawaru
 58621 | Vaults:5 | Reached XP level 23. HP: 126/150 MP: 5/30
 58806 | Vaults:5 | Reached skill level 18 in Shields
 59148 | Vaults:5 | Identified the +8 chain mail of Curiosity {rC- Will+++
                  | Str+2}
 59219 | Vaults:5 | Identified the amulet "Oskigh" {RegenMP Regen+ Slay+2}
 59256 | Vaults:5 | Noticed an ancient lich
 59524 | Vaults:5 | Identified the +1 leather armour of Toclot {rElec Int+2}
 59550 | Vaults:5 | Noticed an ancient lich
 59736 | Vaults:5 | Identified the ring "Hiess" {Str+6 Dex+2 SInv}
 60056 | Vaults:5 | Killed an ancient lich
 60056 | Vaults:5 | Received a gift from Okawaru
 60236 | Vaults:5 | Noticed a dread lich
 60274 | Vaults:5 | Paralysed by a dread lich for 3 turns
 60278 | Vaults:5 | Killed a dread lich
 60612 | Vaults:5 | Killed an ancient lich
 61049 | Vaults:5 | Acquired the ring of the Rose {rPois rC+ Will+ rCorr}
 61500 | Vaults:5 | Got a silver rune of Zot
 61559 | Vaults:5 | Identified the +5 rapier of Resourcefulness {freeze, rPois
                  | Will- Str+4 Int+3}
 61963 | Zot:1    | Entered Level 1 of the Realm of Zot
 62369 | Zot:1    | Reached skill level 19 in Shields
 62773 | Zot:1    | Noticed an orb of fire
 62789 | Zot:1    | Gained mutation: Potions are less effective at restoring
                  | your health. [an orb of fire]
 62800 | Zot:1    | Killed an orb of fire
 63027 | Zot:1    | Reached XP level 24. HP: 141/160 MP: 26/30
 63518 | Zot:2    | Noticed an ancient lich
 63770 | Zot:2    | Received a gift from Okawaru
 63898 | Zot:2    | Killed an ancient lich
 64041 | Zot:2    | Found a runed translucent gate.
 64041 | Zot:2    | Found a runed translucent gate.
 64041 | Zot:2    | Found a runed translucent gate.
 64042 | Zot:2    | Noticed Cigeacw's ghost (veteran MiFi)
 64043 | Zot:2    | Identified the +0 cloak of Juilutur {Str+8}
 65223 | D:8      | Bought a +4 ring of slaying for 936 gold pieces
 65648 | Zot:2    | Noticed Parghit
 67634 | Zot:3    | Received a gift from Okawaru
 68146 | Zot:3    | Reached skill level 20 in Shields
 69853 | Orc:2    | Bought a scroll of enchant armour for 90 gold pieces
 69853 | Orc:2    | Bought a scroll of fog for 48 gold pieces
 69853 | Orc:2    | Bought a scroll of fog for 48 gold pieces
 69858 | Orc:2    | Bought a potion of heal wounds for 125 gold pieces
 70310 | Zot:5    | Entered Level 5 of the Realm of Zot
 70343 | Zot:5    | Noticed a dread lich
 71136 | Zot:5    | Received a gift from Okawaru
 71209 | Zot:5    | Reached XP level 25. HP: 161/168 MP: 28/30
 71242 | Zot:5    | Noticed a dread lich
 71244 | Zot:5    | Noticed a Killer Klown
 71244 | Zot:5    | Noticed an orb of fire
 71277 | Zot:5    | Killed a dread lich
 71338 | Zot:5    | Noticed a dread lich
 71345 | Zot:5    | Noticed an orb of fire
 71345 | Zot:5    | Gained mutation: You occasionally lose the ability to drink
                  | potions when taking damage. [an orb of fire]
 71361 | Zot:5    | Noticed an ancient lich
 71363 | Zot:5    | Killed a dread lich
 71372 | Zot:5    | Gained mutation: You are frail. (-10% HP) [an orb of fire]
 71374 | Zot:5    | Killed an orb of fire
 71397 | Zot:5    | Killed an orb of fire
 71400 | Zot:5    | Killed an ancient lich
 71602 | Zot:5    | Lost mutation: You are frail. (-10% HP) [potion of
                  | mutation]
 71602 | Zot:5    | Lost mutation: You occasionally lose the ability to drink
                  | potions when taking damage. [potion of mutation]
 71602 | Zot:5    | Lost mutation: Potions are less effective at restoring your
                  | health. [potion of mutation]
 71602 | Zot:5    | Gained mutation: You have large cloven feet. [potion of
                  | mutation]
 71602 | Zot:5    | Gained mutation: You are weak. (Str -2) [potion of
                  | mutation]
 71651 | Zot:5    | Noticed an ancient lich
 71748 | Zot:5    | Killed a Killer Klown
 72038 | Zot:5    | Acquired 911 gold pieces
 72482 | Zot:5    | Noticed a Killer Klown
 72523 | Zot:5    | Killed a Killer Klown
 72751 | Zot:5    | Noticed a dread lich
 72774 | Zot:5    | Killed a dread lich
 72804 | Zot:5    | Noticed an orb of fire
 72832 | Zot:5    | Killed an orb of fire
 72833 | Zot:5    | Reached skill level 21 in Shields
 73000 | Zot:5    | Noticed an orb of fire
 73119 | Zot:5    | Noticed an orb of fire
 73132 | Zot:5    | Gained mutation: You occasionally lose the ability to read
                  | scrolls when taking damage. [an orb of fire]
 73161 | Zot:5    | Gained mutation: Your magical capacity is low. (-10% MP)
                  | [an orb of fire]
 73174 | Zot:5    | Killed an orb of fire
 73178 | Zot:5    | Lost mutation: Your magical capacity is low. (-10% MP)
                  | [potion of mutation]
 73178 | Zot:5    | Lost mutation: You have large cloven feet. [potion of
                  | mutation]
 73178 | Zot:5    | Gained mutation: You are somewhat resistant to further
                  | mutation. [potion of mutation]
 73179 | Zot:5    | Lost mutation: You are somewhat resistant to further
                  | mutation. [potion of mutation]
 73179 | Zot:5    | Lost mutation: You occasionally lose the ability to read
                  | scrolls when taking damage. [potion of mutation]
 73179 | Zot:5    | Lost mutation: You are weak. (Str -2) [potion of mutation]
 73179 | Zot:5    | Gained mutation: You have a pair of small horns on your
                  | head. [potion of mutation]
 73179 | Zot:5    | Gained mutation: You have sharp fingernails. [potion of
                  | mutation]
 73436 | Zot:5    | Got the Orb of Zot
 73491 | Zot:3    | Noticed Cozxi Care the pandemonium lord
 73824 | D:10     | Noticed Nudo the pandemonium lord
 74118 | D:$      | Escaped with the Orb!

Illustrated notes

Levels and vault maps discovered:
D:1:      erik_arrival_cave_to_civilisation [erik_arrival_cave_to_hall],
          layout_basic, shapermc_ecumenical_altar_rom_forum, minmay_quantized
D:2:      layout_basic
D:3:      layout_basic, okawaru_ov_weapons_minmay, serial_shops,
          nicolae_lakefront_shop, shop_fountains, nicolae_shop_mannequins,
          dk_noncrumbling_2
D:4:      minmay_door_path, layout_gridville, mainiacjoe_overflow_brackets,
          uniq_eustachio
D:5:      layout_cave_pods, lightli_temple_of_fire,
          mainiacjoe_overflow_divided_tiny, serial_shops, shop_fountains,
          uniq_prince_ribbit1
D:6:      layout_loops_ring, cheibrodos_ashenzari_chains,
          mainiacjoe_overflow_two_lobes, gammafunk_ghost_hive, serial_shops,
          nicolae_shop_behind_doors, nicolae_shop_behind_doors, shop, shop,
          nicolae_shop_pleasant_corner_grove
D:7:      layout_basic, good_gods_mini_temple,
          grunt_dithmenos_smoke_and_mirrors, temple_fountains,
          kennysheep_opposing_triangles
D:8:      nzn_winding_woodlands_three_and_one
          [nzn_winding_woodlands_5x15_parted,
          nzn_winding_woodlands_5x15_default,
          nzn_winding_woodlands_5x15_pockets,
          nzn_winding_woodlands_center_pierced_h], layout_loops_corners,
          serial_shops, kennysheep_mini_moat, minmay_checkerbox
D:9:      layout_basic, fedhas_bush_and_centaur_altar, lemuel_tele_altar,
          erik_orc_2
D:10:     layout_basic, grunt_gozag_statues, nemelex_spade_bored_becter
D:11:     layout_irregular_city, grunt_lair_entry_orc_guard_hut,
          gammafunk_ghost_smash, nicolae_uskayaw_murder_on_the_dancefloor
D:12:     layout_basic, serial_shops, bzr_in_the_mist, kennysheep_boxes,
          uniq_frances, uniq_urug, uniq_erolcha, uniq_josephine
D:13:     minmay_s_stair_smasher, layout_layer_cave, david_vaults_3
D:14:     layout_stronghold, patterned_corridor, hex_medium
D:15:     grunt_enter_depths_hoard, layout_irregular_city, zin_scriptorium,
          uniq_azrael, uniq_kirke, uniq_roxanne
Lair:1:   dragon1_lemuel, layout_long_grid, worms_lemuel, grunt_megastairs_3
Lair:2:   layout_cave_pods, minmay_snake_entry_guardpost_small, minivault_11,
          eino_house_with_fridge
Lair:3:   layout_concentric_octagons, minmay_swamp_entry_swarm,
          portal_ice_cave_entry_pillars_2, ebering_ghost_xom,
          beast_lair_carwin_10
Lair:4:   layout_regular_city, dpeg_slime_entry_corner, st_stairs_7,
          beast_lair_carwin_9
Lair:5:   gammafunk_lair_ancient_temple, layout_loops_ring
Swamp:1:  layout_basic_swamp, evilmike_swamp_ruin_rubble_2, swamp_pool4,
          infiniplex_staircase_pool
Swamp:2:  layout_falls_marsh, serial_swamp_ruin, evilmike_swamp_ruin_house_6,
          evilmike_swamp_ruin_house_2, evilmike_swamp_ruin_house_3
Swamp:3:  layout_basic_swamp, evilmike_swamp_ruin_house_5
Swamp:4:  swamp_pestilence, layout_basic_swamp
Snake:1:  layout_basic, serial_shops, nicolae_shop_rolled_up, st_stairs_4,
          minmay_shop_star, serial_bayou_shore_b
Snake:2:  layout_onion, gammafunk_ghost_grave, nicolae_snake_linked_coils,
          nicolae_snake_salamander_zone, uniq_vashnia
Snake:3:  layout_onion, st_stairs_2, lemuel_fruit_tree
Snake:4:  grunt_snake_rune_spirals, layout_onion,
          nicolae_snake_round_shape_thing
Orc:1:    layout_diamond_mine, basic_altar, uniq_gastronok, uniq_erica
Orc:2:    st_orc_rangers, layout_diamond_mine, gammafunk_ghost_cemetery,
          uniq_sonja
Elf:1:    eino_elf_arrival_sip, layout_gridlike, hangedman_elf_disciples
Elf:2:    nicolae_elf_blades_splatter_lattice [nicolae_blade_entry_antechamber],
          layout_loops_cross, serial_shops, shop
Elf:3:    minmay_elf_hall_hex, layout_loops_cross, minmay_shop_grove,
          uniq_asterion, uniq_louise, uniq_donald
Vaults:1: advil_vaults_ghost_lines, nicolae_vaults_more_shelving_2,
          nicolae_vaults_asterisk, nicolae_vaults_shelves_hall,
          nicolae_vaults_cochlea, hangedman_vaults_slither,
          vaults_room_guarded_vault, layout_vaults_omnicross, serial_shops,
          nicolae_shop_back_alley_shop, uniq_zenata
Vaults:2: nicolae_vaults_frosty_reception, vaults_room_semicircle,
          grunt_vaults_hallway_short, nicolae_vaults_wine_cellar, v_misc_11,
          hangedman_vaults_capsules, ontoclasm_vaults_decontamination,
          hangedman_vaults_restitches, ontoclasm_vaults_gateway,
          layout_vaults_omnigrid
Vaults:3: ploomutoo_gammafunk_ghost_potion_laboratory, v_misc_11,
          vaults_room_glass_cross, minmay_crypt_entry_simple_statues, v_misc_14,
          vaults_dpeg_spiral, nicolae_vaults_stepped_doors, vaults_room_pools,
          hangedman_vaults_snaps, vaults_dpeg_ring,
          nicolae_vaults_more_shelving_1, nicolae_vaults_trapezoid_1,
          vaults_room_grid, layout_vaults_ring
Vaults:4: v_misc_11, v_rooms_4, nicolae_vaults_closet_pinwheel_5,
          nicolae_vaults_ninety_degrees, nicolae_vaults_network_s,
          hangedman_vaults_river_flow, nicolae_vaults_double_plus_1,
          vaults_dpeg_hooks, layout_vaults_chaotic_city, serial_shops,
          nicolae_shop_competitors_out_of_business, uniq_aizul, uniq_boris
Vaults:5
Depths:1: layout_basic, grunt_mini_vestibule,
          nicolae_abyss_entry_one_way_or_another, nooodl_orcs_dogs,
          firewood_loft
Depths:2: kennysheep_bubble_arena, layout_gridlike, serial_shops, shop,
          grunt_hell_entry_dis_grunt, rand_demon_pan_entry_8,
          hangedman_decor_opposing
Depths:3: minmay_dotted_concentric_squares, layout_cross,
          minmay_room_of_horrors, pan_entry, roderic_cross_of_infinity,
          hell_entry, uniq_frederick, uniq_sojobo
Depths:4: grunt_x_marks_the_spot, layout_honeycomb, enter_ziggurat_b,
          hell_entry, abyss_entry_flame_altar, serial_sigils_hangedman_carve
Zot:1:    layout_onion_interference
Zot:2:    ebering_greatest_show_in_zot, layout_onion_interference,
          gammafunk_ghost_tricky_traps, lemuel_elevator, uniq_tiamat,
          uniq_parghit
Zot:3:    layout_cathedral_of_symmetry, grunt_ministairs_15, hellmonk_body_bag
Zot:4:    layout_basic
Zot:5:    layout_basic, hangedman_zot_decor_checkerboard

Skill      XL: |  1  2  3  4  5  6  7  8  9 10 11 12 13 14 15 16 17 18 19 20 21 22 23 24 25 |
---------------+----------------------------------------------------------------------------+-----
Short Blades   | 2 4 7 10 | 10.0
Hexes          | 5 6 7 8 |  8.0
Stealth        | 5 6 7 8 |  8.0
Fighting       | 1 4 5 7 8 10 11 12 13 14 15 17 18 20 | 20.9
Invocations    | 1 4 5 7 9 10 | 10.0
Armour         | 1 3 5 7 8 9 10 11 12 13 14 15 16 17 18 | 18.0
Shields        | 1 3 4 5 7 9 10 12 13 15 17 19 20 21 | 21.0
Long Blades    | 4 7 12 13 14 15 17 19 20 | 20.1
Throwing       | 2 4 6 7 8 10 12 | 12.0
Evocations     | 4 7 |  7.0
Dodging        | |  2.1
Spellcasting   | |  2.0

Action                     |  1- 3 |  4- 6 |  7- 9 | 10-12 | 13-15 | 16-18 | 19-21 | 22-24 | 25-27 || total
---------------------------+-------+-------+-------+-------+-------+-------+-------+-------+-------++-------
  Melee: Dagger            |    95 |   229 |   434 |    15 |       |       |       |       |       ||   773
         Bite              |     8 |    38 |    58 |    76 |   252 |   303 |   434 |   601 |    76 ||  1846
         Punch             |       |     2 |     1 |       |       |       |       |       |       ||     3
         Scimitar          |       |       |       |   622 |   736 |       |       |       |       ||  1358
         Double sword      |       |       |       |       |   817 |  1713 |  2122 |  2059 |   276 ||  6987
         Demon blade       |       |       |       |       |       |       |       |   384 |    99 ||   483
         Headbutt          |       |       |       |       |       |       |       |       |    17 ||    17
  Throw: Dart              |     6 |    21 |     8 |    78 |    32 |    13 |    24 |     4 |       ||   186
         Javelin           |     4 |     8 |     5 |     6 |    15 |    94 |   127 |    57 |    47 ||   363
         Boomerang         |       |       |       |    21 |    96 |   264 |       |       |       ||   381
         Throwing net      |       |       |       |     2 |     6 |       |       |       |       ||     8
   Cast: Confusing Touch   |       |     1 |    20 |    17 |       |       |       |       |       ||    38
 Invoke: Heroism           |       |     2 |     4 |     7 |    14 |    15 |    13 |    21 |     4 ||    80
         Finesse           |       |       |       |     2 |     4 |     5 |     6 |    10 |     4 ||    31
         Receive Armour    |       |       |       |     1 |       |       |       |       |       ||     1
         Receive Weapon    |       |       |       |       |       |     1 |       |       |       ||     1
Ability: Exsanguinate      |       |       |       |       |       |       |     1 |       |       ||     1
  Evoke: Wand              |       |     3 |       |       |     8 |       |     9 |       |     1 ||    21
         Phial of floods   |       |       |       |       |       |     1 |     1 |       |       ||     2
    Use: Scroll            |       |     3 |     5 |     6 |    19 |    16 |    19 |    24 |     7 ||    99
         Potion            |       |     6 |     3 |     4 |     4 |     8 |     8 |     7 |     8 ||    48
   Stab: Sleeping          |    15 |     8 |    10 |     7 |    10 |     1 |       |       |       ||    51
         Invisible         |       |     1 |     1 |     4 |    19 |       |     3 |       |       ||    28
         Confused          |       |       |    16 |     9 |       |       |       |       |       ||    25
         Distracted        |       |       |       |     3 |     1 |     1 |       |       |       ||     5
         Petrifying        |       |       |       |     2 |       |       |       |       |       ||     2
         Petrified         |       |       |       |     2 |       |       |       |       |       ||     2
         Paralysed         |       |       |       |       |       |       |     1 |       |       ||     1
 Armour: Robe              |    14 |       |       |       |       |       |       |       |       ||    14
         Leather armour    |     8 |   130 |   166 |   175 |       |       |       |       |       ||   479
         Chain mail        |       |       |       |   290 |  1406 |   987 |       |       |       ||  2683
         Crystal plate arm |       |       |       |       |       |   263 |  1612 |  2160 |   245 ||  4280
  Dodge: Dodged            |    40 |   131 |   146 |   208 |   222 |   232 |    44 |    77 |     3 ||  1103
  Block: Buckler           |       |       |    57 |   170 |   198 |       |       |       |       ||   425
         Kite shield       |       |       |       |       |   535 |  1446 |  1332 |       |       ||  3313
         Reflection        |       |       |       |       |     7 |   197 |   130 |    48 |     6 ||   388
         Tower shield      |       |       |       |       |       |       |   509 |  2811 |   335 ||  3655

Table legend: (Time is in decaauts)
 A = Elapsed time spent in this place.
 B = Non-inter-level travel time spent in this place.
 C = Inter-level travel time spent in this place.
 D = Time resting spent in this place.
 E = Time spent auto-exploring this place.
 F = Levels seen in this place.
 G = Mean time per level.
                   A        B        C        D        E       F      G
               +--------+--------+--------+--------+--------+-----+--------+
         Total |  72760 |  61747 |  11013 |   9300 |  28247 |  49 | 1484.9 |
       Dungeon |  20163 |  15673 |   4490 |    999 |   8971 |  15 | 1344.2 |
          Lair |   6684 |   6004 |    680 |    579 |   3398 |   5 | 1336.8 |
         Swamp |   3944 |   3461 |    483 |    252 |   1661 |   4 |  986.0 |
     Snake Pit |   6903 |   6159 |    744 |   1082 |   2309 |   4 | 1725.8 |
  Orcish Mines |   2750 |   1635 |   1115 |    112 |    710 |   2 | 1375.0 |
   Elven Halls |   4115 |   3672 |    443 |    471 |   1480 |   3 | 1371.7 |
        Vaults |  10414 |   9134 |   1280 |   1899 |   3683 |   5 | 2082.8 |
        Depths |   7761 |   6798 |    963 |    966 |   3664 |   4 | 1940.2 |
           Zot |   9863 |   9051 |    812 |   2905 |   2292 |   5 | 1972.6 |
         Abyss |     57 |     57 |      0 |     31 |      0 |   1 |   57.0 |
        Bazaar |    101 |    101 |      0 |      0 |     77 |   1 |  101.0 |
               +--------+--------+--------+--------+--------+-----+--------+

Top non-repeatable levels by time:
 Snake:4: 2917 daAuts
   Zot:5: 2708 daAuts
Vaults:5: 2462 daAuts
Depths:4: 2326 daAuts
   Zot:3: 2219 daAuts
Depths:2: 2204 daAuts
Vaults:4: 2200 daAuts
   Zot:1: 2197 daAuts
     D:8: 2158 daAuts
   Elf:3: 2077 daAuts
Vaults:3: 2031 daAuts
    D:15: 1955 daAuts
     D:9: 1909 daAuts
Vaults:2: 1897 daAuts
   Orc:2: 1867 daAuts
